 Dungeon Crawl Stone Soup version 0.29.1-15-g9cfb28693d (webtiles) character file.

Game seed: 8817378121047762386

103 Labrat the Digger (level 5, -3/35 (38) HPs)
             Began as a Meteoran Earth Elementalist on Aug 27, 2023.
             Slain by a wight
             ... wielding a +3 war axe
              (10 damage)
             ... on level 3 of the Dungeon.
             The game lasted 00:10:07 (1053 turns).

Labrat the Digger (Meteoran Earth Elementalist)     Turns: 1053, Time: 00:10:07

HP:   -3/35 (38)    AC:  7    Str:  9    XL:     5   Next: 29%
MP:   3/12          EV: 12    Int: 18    God:
Gold: 189           SH:  0    Dex: 15    Spells: 11/12 levels left

rFire   . . .      SeeInvis +   (no weapon)
rCold   . . .      Faith    .   (no shield)
rNeg    . . .      Spirit   .   a - +0 robe
rPois   .          Reflect  .   j - +0 helmet {SInv}
rElec   .          Harm     .   (no cloak)
rCorr   .          Rampage  .   g - +2 pair of gloves
Will    .....                   i - +0 pair of boots
Stlth   +.........              (no amulet)
HPRegen 0.11/turn               (no ring)
MPRegen 0.13/turn               (no ring)

@: glowing, drained
A: sense surroundings 1, otherworldly, glowing, explore regen
a: no special abilities


You were on level 3 of the Dungeon.
You visited 1 branch of the dungeon, and saw 4 of its levels.

You collected 189 gold pieces.

Inventory:

Armour
 a - a +0 robe (worn)
 g - a +2 pair of gloves (worn)
 i - a +0 pair of boots (worn)
 j - a +0 helmet of see invisible (worn)
Scrolls
 c - 6 scrolls of identify
 h - a scroll of poison
 l - a scroll of enchant weapon {unknown}
 m - a scroll of teleportation {unknown}
 n - a scroll of noise {unknown}
Potions
 b - a potion of magic
 d - a potion of haste {unknown}
 e - 2 potions of curing {unknown}
 f - a potion of berserk rage {unknown}
 k - a potion of cancellation {unknown}


   Skills:
 - Level 2.4 Dodging
 - Level 1.4 Stealth
 + Level 4.0 Spellcasting
 + Level 3.2 Transmutations
 + Level 4.7 Earth Magic


You had 11 spell levels left.
You knew the following spells:

 Your Spells              Type           Power      Damage    Failure   Level
a - Sandblast             Erth           40%        2d10      1%          1

Your spell library contained the following spells:

 Spells                   Type           Power      Damage    Failure   Level
 Passwall                 Tmut/Erth      15%        N/A       4%          2
 Stone Arrow              Conj/Erth      24%        3d8       17%         3
 Petrify                  Tmut/Erth      18%        N/A       28%         4
 Frozen Ramparts          Ice            6%         1d1       41%         3
 Ozocubu's Armour         Ice            3%         N/A       41%         3
 Ice Form                 Ice/Tmut       9%         N/A       58%         4
 Summon Ice Beast         Ice/Summ       3%         N/A       82%         4
 Freezing Cloud           Conj/Ice/Air   1%         6-21      99%         5
 Haunt                    Necr/Summ      1%         N/A       100%        7


Dungeon Overview and Level Annotations

Branches:
Dungeon (4/15) Zot: 1307
 Temple: D:4-7

Altars:

Shops:
D:1 (


Innate Abilities, Weirdness & Mutations

You passively map a small area around you.
You are easily found by Zot.
You glow in the dark.
You regain HP and MP as you explore.


Message History

Aiming: Sandblast (safe; 1% risk of failure)
Press: ? - help, Shift-Dir - straight line, f - wight
Aim: a wight, wielding a +4 dagger and wearing a +0 robe (83% to hit)
The blast of sand hits the wight.
The wight is moderately damaged.
A wight comes into view. It is wielding a +0 spear.
Casting: Sandblast (safe; 1% risk of failure)
Confirm with . or Enter, or press ? or * to list all spells.
Aiming: Sandblast (safe; 1% risk of failure)
Press: ? - help, Shift-Dir - straight line, f/p - wight
Aim: a wight, wielding a +4 dagger and wearing a +0 robe (moderately damaged, 83% to hit)
The blast of sand hits the wight but does no damage.
Casting: Sandblast (safe; 1% risk of failure)
Confirm with . or Enter, or press ? or * to list all spells.
Aiming: Sandblast (safe; 1% risk of failure)
Press: ? - help, Shift-Dir - straight line, f/p - wight
Aim: a wight, wielding a +4 dagger and wearing a +0 robe (moderately damaged, 83% to hit)
The blast of sand hits the wight.
The wight is heavily damaged.
The wight hits you with a +3 war axe!
You feel drained. The wight hits you with a +3 war axe!
You feel drained.
You climb upwards.
There is a stone staircase leading down here.
Unknown command.
Casting: Sandblast (safe; 1% risk of failure)
Confirm with . or Enter, or press ? or * to list all spells.
Aiming: Sandblast (safe; 1% risk of failure)
Press: ? - help, Shift-Dir - straight line, f - wight
Aim: a wight, wielding a +3 war axe and wearing a +0 robe (83% to hit)
The blast of sand misses the wight.
The wight hits you with a +3 war axe.
* * * LOW HITPOINT WARNING * * *
Unknown command.
Casting: Sandblast (safe; 1% risk of failure)
Confirm with . or Enter, or press ? or * to list all spells.
Aiming: Sandblast (safe; 1% risk of failure)
Press: ? - help, Shift-Dir - straight line, f/p - wight
Aim: a wight, wielding a +3 war axe and wearing a +0 robe (83% to hit)
The blast of sand hits the wight but does no damage.
The wight hits you with a +3 war axe!
You die...

###..#####..# ** *
#....<# ##.########...#
....#.#*
##..........#.#
.####..#
#.............###♣ .#
#.# ♣.♣.♣.♣.........? *
## ..
...............##♣.,
*#.#♣[....♣...........,
*.#................#♣.
, ...♣@...........
#......z.......## *
,♣.♣.♣.♣.....#!.#
#######.<..# ,
#..........
#...........
#...........
#........... ,
##..........


You could see a wight.

Vanquished Creatures
  Robin (D:2)
  3 adders
  A dart slug (D:2)
  5 bats
  5 endoplasms
  11 goblins
  5 hobgoblins
  4 kobolds
  4 quokkas
  12 ball pythons
  3 frilled lizards
  4 rats
58 creatures vanquished.

Vanquished Creatures (others)
  A plant (D:3)
1 creature vanquished.

Grand Total: 59 creatures vanquished

Notes
Turn   | Place    | Note
-------+----------+-------------------------------------------
     0 | D:1      | Labrat the Meteoran Earth Elementalist began the quest for
                  | the Orb.
     0 | D:1      | Reached XP level 1. HP: 14/14 MP: 5/5
    54 | D:1      | Reached XP level 2. HP: 20/20 MP: 4/6
   162 | D:3      | Got Sif Muna's Incunabulum of Rallying and the Glacier
   191 | D:3      | Reached XP level 3. HP: 26/26 MP: 6/8
   342 | D:2      | Found a faded altar of an unknown god.
   413 | D:2      | Noticed Robin
   421 | D:2      | Killed Robin
   422 | D:2      | Reached XP level 4. HP: 8/33 MP: 0/10
   540 | D:1      | Found Mackon's Weapon Shop.
   967 | D:2      | Reached XP level 5. HP: 38/38 MP: 9/11
  1053 | D:3      | Slain by a wight

Illustrated notes

Levels and vault maps discovered:
D:1:      mrwooster_arrival_statue_3, layout_basic, serial_shops, shop
D:2:      layout_loops_ring, nicolae_ecumenical_snake_handling,
          hangedman_decor_opposing, kennysheep_doodads, uniq_robin
D:3:      layout_rooms, serial_forest, infiniplex_forest_lined_room_2,
          infiniplex_forest_side_room, infiniplex_forest_lined_room_2,
          infiniplex_forest_3_way, infiniplex_forest_clump_diagonal,
          infiniplex_forest_clump_small, infiniplex_forest_lined_room_2,
          infiniplex_forest_lined_ring, infiniplex_forest_corner_1,
          infiniplex_forest_lined_4_way
D:4:      layout_loops_ring, biasface_ghost_orc_armoury, minmay_cut_off,
          uniq_pikel

Skill      XL: |  1  2  3  4  5 |
---------------+----------------+-----
Spellcasting   | 3 4 |  4.0
Earth Magic    | 4 |  4.7
Transmutations | 2 3 |  3.2
Dodging        | |  2.4
Stealth        | |  1.4

Action                   |  1- 3 |  4- 6 || total
-------------------------+-------+-------++-------
Melee: Unarmed           |       |    22 ||    22
 Cast: Sandblast         |    43 |    35 ||    78
  Use: Scroll            |       |     1 ||     1
Armor: Robe              |    10 |    11 ||    21
Dodge: Dodged            |    15 |    21 ||    36
